Map: Port Aleksander LE

Players

HaPe

  • Race: Protoss Protoss
  • Spawn Location: 11:00

JEROS - Winner!

  • Race: Terran Terran
  • Spawn Location: 5:00

Event: 2019 WCS Spring

VOD

Have the link to the VOD?

Description

Time

  • Played on: May 17, 2019, 1:31 p.m.
  • Length: 14:04

All games in this series

Show
View Real Time Build Order
Export as new Build Order

HaPe Protoss 

Build Orders: Blink Stalkers 

Get SALT Encoding   

  12  0:00  Probe  
  13  0:12  Probe  
  14  0:18  Pylon  
  14  0:25  Probe  
  15  0:37  Probe  
  15  0:39  Gateway  
  16  0:46  Assimilator  
  17  0:50  Probe  
  17  0:59  Pylon  
  17  1:02  Probe  
  18  1:17  Probe  
  18  1:18  Gateway  
  19  1:27  Cybernetics Core  
  19  1:31  Probe  
  20  1:43  Probe  
  21  1:56  Stalker  
  21  1:57  Adept  
  25  2:14  Nexus  
  25  2:19  Probe  
  26  2:31  Probe  
  27  2:39  Warp Gate  
  27  2:43  Probe  
  26  2:55  Probe  
  27  3:07  Probe  
  27  3:08  Twilight Council  
  28  3:19  Probe  
  29  3:22  Assimilator, Blink  
  29  3:26  Probe  
  30  3:31  Probe  
  31  3:37  Gateway x2  
  31  3:39  Probe  
  32  3:43  Probe  
  31  3:50  Pylon  
  31  3:51  Probe  
  32  3:55  Probe  
  32  4:00  Stalker  
  35  4:03  Probe  
  35  4:08  Probe, Shield Battery  
  37  4:13  Probe  
  38  4:20  Probe  
  38  4:21  Probe  
  39  4:29  Probe  
  39  4:30  Assimilator  
  40  4:32  Probe  
  40  4:36  Stalker x2  
  40  4:37  Stalker  
  48  4:41  Probe  
  48  4:44  Probe  
  48  4:45  Pylon  
  50  4:53  Probe, Robotics Facility  
  50  4:56  Probe  
  52  5:03  Pylon  
  52  5:04  Stalker  
  52  5:05  Probe  
  52  5:07  Stalker  
  57  5:08  Probe  
  59  5:22  Stalker x2  
  51  5:45  Stalker x3  
  51  5:47  Probe  
  57  5:51  Probe  
  57  5:52  Shield Battery  
  57  5:54  Warp Prism  
  58  5:59  Probe  
  58  6:02  Charge  
  58  6:03  Probe  
  60  6:08  Pylon  
  62  6:11  Probe  
  62  6:15  Probe  
  62  6:17  Stalker  
  66  6:23  Stalker  
  66  6:24  Probe  
  69  6:27  Probe  
  69  6:32  Observer  
  70  6:36  Probe  
  72  6:40  Nexus  
  72  6:41  Pylon  
  72  6:44  Forge  
  72  6:50  Adept x3  
  78  6:54  Assimilator  
  78  7:00  Pylon  
  74  7:24  Protoss Ground Armor Level 1  
  74  7:25  Probe x2  
  74  7:32  Immortal  
  74  7:33  Zealot x3  
  84  7:37  Probe x2  
  84  7:39  Gateway  
  84  7:41  Gateway  
  86  7:47  Zealot, Shield Battery  
  86  7:49  Probe  
  89  7:59  Zealot  
  89  8:00  Zealot x2  
  89  8:03  Probe  
  89  8:04  Probe  
  97  8:07  Gateway  
  97  8:09  Templar Archives  
  97  8:10  Probe  
  98  8:15  Probe  
  98  8:16  Stalker  
  98  8:18  Observer  
  98  8:19  Probe  
  103  8:25  Psionic Storm, Probe  
  104  8:28  Probe  
  104  8:32  Photon Cannon  
  105  8:36  Photon Cannon  
  105  8:41  Pylon  
  105  8:42  Zealot  
  107  8:52  Zealot  
  109  8:57  Assimilator  
  109  9:00  Assimilator  
  102  9:06  Probe  
  102  9:10  Probe  
  102  9:11  Zealot  
  102  9:12  Zealot x6  
  117  9:23  Photon Cannon  
  117  9:41  Pylon  
  117  9:42  Pylon  
  117  9:47  Protoss Ground Weapons Level 1  
  117  9:55  Pylon  
  117  9:56  Pylon  
  117  9:58  Forge  
  117  9:59  Probe x3  
  120  10:06  High Templar x2  
  120  10:07  High Templar x4  
  126  10:13  Archon  
  126  10:14  Archon x2  
  132  10:15  Pylon  
  132  10:17  Probe x2  
  132  10:19  Probe  
  132  10:20  Pylon  
  135  10:29  Probe x2  
  137  10:39  Zealot x5  
  137  10:40  Zealot  
  141  10:50  High Templar  
  106  11:00  Zealot x4  
  114  11:06  Probe x2  
  114  11:07  Probe  
  114  11:09  Robotics Facility  
  113  11:12  Robotics Bay  
  113  11:14  Zealot x2  
  109  11:26  Probe x3  
  109  11:27  Zealot x4, High Templar  
  120  11:42  Probe  
  120  11:45  Zealot x2  
  95  11:55  Zealot, High Templar x2  
  95  11:56  Zealot  
  95  11:59  Disruptor  
  95  12:00  Disruptor  
  107  12:11  Zealot x4  
  103  12:16  Archon  
  96  12:26  Colossus  
  96  12:27  Zealot x4  
  86  12:35  Disruptor  
  83  12:45  Zealot x3  
  87  13:03  Zealot x2  
  68  13:29  High Templar  
  68  13:30  High Templar x5  
  80  13:34  Archon x3  
  76  13:54  Zealot  
Show
View Real Time Build Order
Export as new Build Order

JEROS Terran - Winner!

Build Orders:  

Get SALT Encoding   

  12  0:00  SCV  
  13  0:13  SCV  
  14  0:18  Supply Depot  
  14  0:25  SCV  
  15  0:30  Refinery  
  15  0:39  SCV  
  16  0:45  Barracks  
  16  0:52  SCV  
  17  1:04  SCV  
  18  1:16  SCV  
  19  1:32  Reaper, Orbital Command  
  20  1:50  Bunker  
  20  1:53  Factory  
  20  1:57  SCV  
  20  1:59  Refinery  
  21  2:07  Supply Depot, Marine  
  22  2:10  SCV  
  23  2:27  Barracks Reactor  
  23  2:29  SCV  
  24  2:35  Command Center  
  24  2:41  SCV  
  24  2:44  Factory Tech Lab  
  25  2:46  Refinery  
  25  2:53  SCV, Supply Depot  
  26  3:04  Cyclone  
  29  3:05  SCV  
  29  3:08  Marine x2  
  31  3:25  Starport  
  31  3:26  Marine x2  
  33  3:40  SCV  
  34  3:43  Siege Tank  
  37  3:49  Orbital Command  
  37  3:52  SCV  
  38  3:58  Marine x2  
  40  4:04  SCV, Starport Tech Lab  
  40  4:08  Orbital Command  
  41  4:16  SCV  
  41  4:22  Marine x2  
  41  4:23  Siege Tank  
  46  4:29  SCV, Supply Depot  
  47  4:36  SCV  
  48  4:39  Banshee  
  48  4:40  Marine x2  
  48  4:41  SCV  
  54  4:50  SCV  
  54  4:52  Supply Depot  
  55  4:54  SCV  
  55  4:57  Siege Tank  
  59  5:03  SCV  
  59  5:05  Supply Depot  
  59  5:06  SCV  
  61  5:13  Marine  
  61  5:14  Marine  
  63  5:15  SCV  
  63  5:19  SCV  
  64  5:28  Supply Depot  
  64  5:31  Supply Depot, Marine x2  
  64  5:34  SCV x2  
  49  5:43  Siege Tank, Banshee  
  49  5:47  SCV  
  49  5:48  SCV  
  49  5:49  Marine  
  53  5:50  Bunker  
  53  5:58  Bunker  
  53  5:59  SCV  
  53  6:00  SCV  
  55  6:09  Command Center  
  55  6:12  SCV x2, Marine x2  
  59  6:19  Siege Tank  
  59  6:24  SCV  
  63  6:27  Barracks  
  63  6:29  Barracks  
  63  6:42  SCV x2  
  63  6:44  Refinery  
  63  6:45  Starport Tech Lab, Refinery  
  63  6:46  Engineering Bay  
  63  6:47  Engineering Bay  
  65  6:56  Marauder, Stimpack  
  65  6:57  Barracks  
  65  6:58  Barracks  
  67  7:01  SCV x2  
  69  7:13  SCV x2  
  69  7:19  Marauder  
  70  7:25  SCV  
  70  7:26  SCV  
  66  7:31  Marauder, Starport Reactor, Siege Tank  
  71  7:38  Terran Infantry Weapons Level 1, SCV x2, Terran Infantry Armor Level 1  
  71  7:39  Marine x2  
  71  7:40  Marauder  
  77  7:44  Combat Shield  
  77  7:51  SCV  
  77  7:52  SCV, Orbital Command  
  77  7:56  Supply Depot x2  
  77  7:57  Marauder  
  81  7:58  Marine x2  
  81  8:02  Marauder  
  81  8:04  SCV x2  
  87  8:12  Barracks Tech Lab  
  88  8:13  Barracks Reactor  
  88  8:14  Medivac  
  88  8:16  SCV x2  
  88  8:18  Supply Depot  
  91  8:20  Supply Depot  
  91  8:22  Marine x2  
  91  8:23  Siege Tank  
  96  8:29  SCV x2  
  96  8:31  Orbital Command  
  98  8:38  Marauder, Marine x2  
  98  8:40  Concussive Shells  
  102  8:43  Refinery  
  102  8:44  SCV x2  
  102  8:45  Missile Turret, Refinery  
  104  8:50  Armory  
  104  8:51  Marine x3  
  104  8:52  Marine  
  108  8:56  SCV x2, Marauder  
  112  9:03  Marine  
  112  9:04  Marine  
  112  9:07  SCV  
  112  9:08  SCV x2  
  117  9:11  Bunker  
  117  9:15  Marine x2  
  119  9:17  Marauder  
  119  9:18  Bunker  
  119  9:19  SCV  
  119  9:20  SCV  
  119  9:24  Ghost Academy, Supply Depot  
  123  9:27  Siege Tank  
  126  9:36  Marine x4  
  126  9:37  Marauder  
  126  9:38  Marauder  
  134  9:41  Terran Infantry Weapons Level 2, Missile Turret  
  134  9:44  Terran Infantry Armor Level 2  
  134  9:52  Supply Depot  
  134  9:53  Supply Depot  
  134  9:54  Ghost  
  134  9:57  Ghost  
  134  9:58  Ghost, Marine x2  
  134  9:59  Marine x2  
  144  10:07  Medivac  
  144  10:08  Medivac  
  148  10:17  Supply Depot  
  148  10:18  Supply Depot  
  148  10:20  Missile Turret x2  
  148  10:23  Missile Turret  
  148  10:24  Missile Turret  
  148  10:25  Terran Vehicle And Ship Armor Level 1  
  148  10:26  Ghost, Marine x4  
  154  10:29  Ghost  
  150  10:51  Marine x2  
  150  10:52  Marauder  
  131  10:57  Marauder, Marine x2  
  131  11:04  Marine  
  130  11:05  Siege Tank  
  130  11:06  Medivac x2  
  130  11:09  Marine  
  136  11:13  Marauder, Command Center  
  136  11:17  Marine x3  
  137  11:19  SCV x3  
  132  11:31  SCV  
  129  11:33  Marine x2  
  129  11:34  Marauder  
  129  11:39  Marine x2  
  125  11:40  Marauder  
  125  11:41  SCV x2  
  125  11:46  Medivac x2, Siege Tank  
  129  11:54  Marauder, Marine x2  
  130  11:56  SCV x2  
  130  12:00  SCV  
  136  12:08  SCV x2  
  137  12:13  Marine x2  
  137  12:14  Marauder, Ghost, Marine  
  140  12:39  Marine x2  
  140  12:40  Marauder x2, Marine  
  140  12:41  SCV  
  140  12:42  SCV  
  140  12:43  Siege Tank  
  137  12:55  Command Center  
  135  13:01  SCV x2  
  135  13:02  Marine x2  
  139  13:15  Siege Tank  
  139  13:16  Marine x2  
  139  13:17  Marauder x2  
  148  13:24  SCV x2  
  141  13:33  Medivac x2  
  145  13:38  Marine x2  
  145  13:39  Marauder  
  129  13:50  SCV  
Tags
 
Add a new tag
Caveats
  • Supply blocks, unpowered buildings, or Contaminate may cause inaccurate times.
  • Supply counts are checked every 10 seconds.